 Dungeon Crawl Stone Soup version 0.17-a0-512-gd6a67cc (webtiles) character file.

18470 Raurakos the Fighter (level 12, -1/71 HPs)
             Began as a Vine Stalker Assassin on Apr 11, 2015.
             Was a Priest of Dithmenos.
             Slain by a spiny frog (15 damage)
             ... on level 4 of the Lair of Beasts.
             The game lasted 01:17:57 (14081 turns).

Raurakos the Fighter (Vine Stalker Assassin)       Turns: 14081, Time: 01:17:57

Health: -1/71      AC: 18    Str: 14    XL:     12   Next: 58%
Magic:  0/16       EV: 19    Int: 12    God:    Dithmenos [***...]
Gold:   734        SH:  0    Dex: 20    Spells: 0 memorised, 11 levels left

rFire  . . .     SeeInvis .     j - +0 short sword (venom)
rCold  + . .     Clarity  .     t - +2 leather armour {rC+}
rNeg   . . .     SustAb   .     (no shield)
rPois  .         Gourm    .     Q - +0 helmet
rElec  .         Spirit   +     d - +0 cloak
rCorr  .         Warding  .     v - +2 pair of gloves
rMut   +         Stasis   .     B - +1 pair of boots
MR     +....                    X - amulet of resist mutation
Stlth  +++++++...               A - ring of stealth
                                M - ring of wizardry

@: wreathed by umbra, somewhat resistant to hostile enchantments, extremely
stealthy
A: fangs 3, iridescent scales 1, regeneration 3, shaggy fur 1, magic shield,
antimagic bite, no device heal 3, rot immunity
a: Shadow Step, Renounce Religion


You were on level 4 of the Lair of Beasts.
You worshipped Dithmenos.
Dithmenos was most pleased with you.
You were hungry.

You visited 3 branches of the dungeon, and saw 14 of its levels.
You also visited: Ice Cave.

You collected 734 gold pieces.

Inventory:

Hand weapons
 a - a +2 dagger of protection
 b - a +0 blowgun
 j - a +0 short sword of venom (weapon)
Missiles
 e - 13 poisoned needles
 f - a curare-tipped needle
 N - a throwing net
 R - 6 poisoned javelins (quivered)
 U - 3 exploding tomahawks
Armour
 d - a +0 cloak (worn)
 n - a +4 ring mail of fire resistance
 t - a +2 leather armour of cold resistance (worn)
 v - a +2 pair of gloves (worn)
 B - a +1 pair of boots (worn)
 G - a +0 buckler
 Q - a +0 helmet (worn)
Jewellery
 k - the ring "Nelag" {Fire Str-5 SInv Stlth+}
   (You found it on level 5 of the Dungeon)

   [ring of fire]

   It enhances your fire magic, and weakens your ice magic.
   It affects your strength (-5).
   It protects you from fire.
   It makes you vulnerable to cold.
   It enhances your eyesight.
   It makes you more stealthy.
 A - a ring of stealth (right hand)
 M - a ring of wizardry (left hand)
 X - an amulet of resist mutation (around neck)
Magical devices
 r - a wand of draining (0)
 J - a wand of paralysis (4)
 L - a wand of frost (10)
 O - a wand of magic darts (13)
Scrolls
 h - 4 scrolls of recharging {unknown}
 i - a scroll of summoning {unknown}
 l - a scroll of torment {unknown}
 q - a scroll of remove curse
 s - 2 scrolls of fear {unknown}
 w - 3 scrolls of teleportation
 x - a scroll of magic mapping {unknown}
 y - 4 scrolls of enchant weapon {unknown}
 C - a scroll of vulnerability {unknown}
 D - 2 scrolls of noise {unknown}
 E - a scroll of amnesia {unknown}
 H - a scroll of holy word {unknown}
 Y - a scroll of blinking {unknown}
Potions
 c - a potion of invisibility
 m - 5 potions of curing
 o - 5 potions of restore abilities
 u - 2 potions of haste
 F - a potion of brilliance
 I - a potion of resistance
 K - a potion of agility
 P - a potion of might {unknown}
 S - a potion of heal wounds {unknown}
Books
 p - a book of Dreams

   Spells                             Type                      Level
   a - Ensorcelled Hibernation        Hexes/Ice                    2
   b - Flight                         Charms/Air                   3
   c - Phase Shift                    Translocation                5
   d - Shadow Creatures               Summoning                    5
   e - Mass Confusion                 Hexes                        6
   f - Darkness                       Hexes                        7
 V - a book of Geomancy

   Spells                             Type                      Level
   a - Sandblast                      Earth                        1
   b - Stoneskin                      Transmutation/Earth          2
   c - Passwall                       Transmutation/Earth          3
   d - Stone Arrow                    Conjuration/Earth            3
   e - Petrify                        Transmutation/Earth          4
   f - Lee's Rapid Deconstruction     Earth                        5
Comestibles
 g - 11 bread rations
 z - 8 fruits
 T - 4 meat rations
 W - a beef jerky


   Skills:
 + Level 11.9 Fighting
 - Level 5.0 Short Blades
 - Level 5.3 Throwing
 - Level 5.4 Armour
 - Level 9.0 Dodging
 - Level 7.1 Stealth
 - Level 4.0 Evocations


You had 11 spell levels left.
You didn't know any spells.

Dungeon Overview and Level Annotations

Branches:
Dungeon (9/15)             Temple (1/1) D:7            Lair (4/8) D:9
    Orc (0/4) D:9
  Swamp: Lair:3-6    Shoals: Lair:3-6     Snake: Lair:3-6    Spider: Lair:3-6

Altars:
Ashenzari
Cheibriados
Dithmenos
Elyvilon
Fedhas
Gozag
Kikubaaqudgha
Makhleb
Nemelex Xobeh
Okawaru
Qazlal
Ru
Sif Muna
Trog
Vehumet
Xom
Yredelemnul
Zin
The Shining One

Annotations:
D:8 Erolcha


Innate Abilities, Weirdness & Mutations

You have razor-sharp teeth.
You regenerate.
You are covered in fur (AC +1).
When hurt, damage is shared between your health and your magic reserves.
Your bite disrupts and absorbs the magic of your enemies.
Potions and wands cannot restore your health.
You are immune to rotting.
You are partially covered in iridescent scales (AC +4).


Message History

Aim: a spiny frog (almost dead, umbra)
The puff of frost misses the spiny frog.
Evoking this partially-identified wand wasted a few charges.
The spiny frog closely misses you.
Evoke which item? (* to show all) (? for menu, Esc to quit)
Zapping:
L - a wand of frost {zapped: 19} (will waste charges)
Press: ? - help, Shift-Dir - straight line, f/p - spiny frog
Aim: a spiny frog (almost dead, umbra)
The puff of frost hits the spiny frog.
The spiny frog is almost dead.
Evoking this partially-identified wand wasted a few charges.
The spiny frog barely misses you.
The spiny frog stings you but does no damage.
Drink which item? (? for menu, Esc to quit)
You have no ailments to cure.
The spiny frog stings you but does no damage.
You barely miss the spiny frog.
The spiny frog is almost dead.
The spiny frog stings you!!
You die...

...#.........##......≈≈≈≈≈≈.##
.............##......≈≈≈≈≈≈.#
...#..##.P#.###.............#
..#.#######................P
.......P# #.#.............
.......####.PP........>..
.....................(....
............P..............
............#...@..........
....#.....#......F.........
...#.....##..............#
....#....#...P..#.#....P##
...##........#.#........# #
.............#.#..##...##.P.
..........#..#..#..#....)....
...............##.......#..
..##P....#.....##..#....#


You could see a spiny frog.

Vanquished Creatures
  A hydra (Lair:1)
  2 ice devils (IceCv)
  15 elephants
  A black mamba (Lair:4)
  7 blue devils (IceCv)
  3 spiny frogs
  A komodo dragon (Lair:3)
  16 blink frogs
  5 yaks (Lair:1)
  2 basilisks
  A hippogriff (Lair:4)
  Grum (D:8)
  A hungry ghost (D:7)
  5 wolves
  Menkaure (D:6)
  A water moccasin (Lair:1)
  5 porcupines
  A necrophage (D:7)
  A black bear (D:7)
  A phantom (D:5)
  8 ice beasts
  2 ogres
  2 sky beasts (D:5)
  2 centaurs (D:9)
  3 crocodiles
  7 giant frogs
  A scorpion (D:9)
  3 killer bees
  A goliath beetle (D:6)
  5 crimson imps
  2 jellies
  3 orc priests
  A gnoll shaman (D:5)
  A draconian simulacrum (IceCv)
  7 orc wizards
  2 hounds
  2 iguanas
  3 troll simulacra (IceCv)
  A spriggan simulacrum (IceCv)
  5 worker ants
  A centaur simulacrum (IceCv)
  A mummy (D:8)
  5 gnolls
  A river rat (Lair:2)
  13 adders
  4 ogre simulacra (IceCv)
  A white imp (D:4)
  4 worms
  2 adder skeletons
  An adder zombie (D:8)
  3 giant geckos
  An ooze (D:3)
  18 orcs
  2 bat skeletons (D:5)
  11 goblins
  14 hobgoblins
  6 quokkas
  A ball python (D:3)
  15 bats
  7 giant cockroaches
  A giant gecko skeleton (D:6)
  7 giant newts
  A giant spore (D:8)
  2 hobgoblin zombies (D:8)
  15 jackals
  A jackal zombie (D:8)
  13 kobolds
  2 orc zombies (D:8)
  A quokka zombie (D:5)
  11 rats
  9 ballistomycetes (D:8)
  A plant (Lair:2)
307 creatures vanquished.

Vanquished Creatures (others)
  A necromancer (IceCv)
1 creature vanquished.

Grand Total: 308 creatures vanquished

Notes
Turn   | Place    | Note
--------------------------------------------------------------
     0 | D:1      | Raurakos, the Vine Stalker Assassin, began the quest for the Orb.
     0 | D:1      | Reached XP level 1. HP: 11/11 MP: 2/2
    84 | D:1      | Reached skill level 5 in Stealth
   279 | D:1      | Reached XP level 2. HP: 15/15 MP: 3/3
   940 | D:2      | Reached skill level 6 in Stealth
  1069 | D:2      | Reached XP level 3. HP: 6/18 MP: 2/4
  2079 | D:3      | Reached XP level 4. HP: 14/23 MP: 3/5
  2610 | D:4      | Reached skill level 7 in Stealth
  2652 | D:4      | Reached XP level 5. HP: 9/28 MP: 2/6
  3538 | D:4      | Reached skill level 1 in Dodging
  3620 | D:4      | Gained mutation: You heal very quickly. [Vine Stalker growth]
  3620 | D:4      | Reached XP level 6. HP: 31/33 MP: 7/7
  3623 | D:5      | Entered Level 5 of the Dungeon
  4023 | D:5      | Reached XP level 7. HP: 30/37 MP: 8/8
  4526 | D:5      | Reached skill level 5 in Short Blades
  4664 | D:5      | Got a bound platinum ring
  4665 | D:5      | Identified the ring "Nelag" {Fire Str-5 SInv Stlth+} (You found it on level 5 of the Dungeon)
  4802 | D:6      | Gained mutation: You have razor-sharp teeth. [Vine Stalker growth]
  4802 | D:6      | Reached XP level 8. HP: 42/42 MP: 9/9
  5158 | D:6      | Reached skill level 5 in Fighting
  5159 | D:6      | Noticed Menkaure
  5182 | D:6      | Killed Menkaure
  5989 | D:7      | Got a dazzling leather armour
  6000 | D:7      | Identified the cursed +0 leather armour of Music {-Cast rElec rC+ Int+3} (You found it on level 7 of the Dungeon)
  6043 | D:7      | Reached skill level 5 in Throwing
  6060 | D:7      | Found a shadowy altar of Dithmenos.
  6065 | D:7      | Became a worshipper of Dithmenos the Shadowed
  6496 | D:7      | Reached XP level 9. HP: 24/47 MP: 6/10
  6650 | D:7      | Found a staircase to the Ecumenical Temple.
  6656 | Temple   | Entered the Ecumenical Temple
  7305 | D:8      | Noticed Erolcha
  7509 | D:8      | Noticed Grum
  7512 | D:8      | Reached skill level 5 in Dodging
  7519 | D:8      | Killed Grum
  8182 | D:9      | Found a staircase to the Orcish Mines.
  8549 | D:9      | Found a staircase to the Lair.
  9159 | Lair:1   | Entered Level 1 of the Lair of Beasts
  9382 | Lair:1   | Reached skill level 8 in Dodging
  9382 | Lair:1   | Reached XP level 10. HP: 32/51 MP: 11/11
  9504 | Lair:1   | Reached skill level 9 in Dodging
  9608 | Lair:1   | Noticed a six-headed hydra
  9623 | Lair:1   | Killed a six-headed hydra
  9771 | Lair:1   | Noticed a spiny frog
  9798 | Lair:1   | Killed a spiny frog
  9798 | Lair:1   | Reached skill level 1 in Armour
 10183 | Lair:2   | Found a frozen archway.
 10192 | IceCv    | Entered an ice cave
 10309 | IceCv    | Reached XP level 11. HP: 42/55 MP: 11/15
 10311 | IceCv    | Noticed an ice devil
 10311 | IceCv    | Noticed an ice statue
 10311 | IceCv    | Noticed an ice statue
 10337 | IceCv    | Killed an ice devil
 10337 | IceCv    | Reached skill level 5 in Armour
 10376 | IceCv    | Noticed an ice devil
 10461 | IceCv    | Acquired Dithmenos's first power
 10466 | IceCv    | Noticed an ice statue
 10485 | IceCv    | Killed an ice devil
 10612 | IceCv    | Noticed an ice statue
 10686 | IceCv    | Noticed a necromancer
 10694 | IceCv    | Killed a necromancer
 10842 | IceCv    | Got a faintly glowing great sword
 10843 | IceCv    | Identified the +11 great sword of Guile {flame, rPois Str-5 Int+3 Dex+8} (You found it in an ice cave)
 10847 | IceCv    | Got a polished pearl dragon armour
 10860 | IceCv    | Identified the +1 pearl dragon armour of the Game of Kings {rN+ Str+6} (You found it in an ice cave)
 12381 | Lair:3   | Gained mutation: You are partially covered in iridescent scales (AC +4). [potion of beneficial mutation]
 12582 | Lair:3   | Gained mutation: You regenerate. [Vine Stalker growth]
 12582 | Lair:3   | Reached XP level 12. HP: 67/67 MP: 16/16
 12660 | Lair:3   | Reached skill level 10 in Fighting
 12918 | Lair:3   | Acquired Dithmenos's second power
 13480 | Lair:4   | Reached skill level 11 in Fighting
 14081 | Lair:4   | Slain by a spiny frog

Action                   |  1- 3 |  4- 6 |  7- 9 | 10-12 || total
-------------------------+-------+-------+-------+-------++-------
Melee: Dagger            |   120 |   237 |   259 |   376 ||   992
       Short sword       |       |       |   279 |   437 ||   716
 Fire: Blowgun           |     8 |    10 |    24 |    41 ||    83
Throw: Stone             |    13 |     5 |    19 |       ||    37
       Javelin           |       |     3 |     1 |    20 ||    24
       Throwing net      |       |       |       |     1 ||     1
Evoke: Wand              |       |       |       |    13 ||    13
  Use: Scroll            |       |       |    10 |     8 ||    18
       Potion            |       |       |       |     4 ||     4
 Stab: Sleeping          |     5 |    12 |    24 |    35 ||    76
       Distracted        |       |     1 |     2 |     2 ||     5
       Held in net/web   |       |       |       |     1 ||     1
       Invisible         |       |       |       |     6 ||     6
       Paralysed         |       |       |       |     1 ||     1
  Eat: Chunk             |     3 |     7 |    16 |    11 ||    37
       Pizza             |       |       |     2 |     1 ||     3
       Bread ration      |       |       |       |     1 ||     1
